 Dungeon Crawl Stone Soup version 0.27.1-34-g3ba077fa99 (webtiles) character file.

Game seed: 5095392897825141870

236 Gabide the Poker (level 6, -7/48 HPs)
             Began as a Human Monk on Jan 4, 2022.
             Was a Believer of Nemelex Xobeh.
             Mangled by an ice devil (14 damage)
             ... summoned by the player character
             ... on level 4 of the Dungeon.
             The game lasted 00:09:06 (3868 turns).

Gabide the Poker (Human Monk)                       Turns: 3868, Time: 00:09:09

Health: -7/48      AC:  7    Str: 11    XL:     6   Next: 27%
Magic:  6/6        EV: 14    Int: 11    God:    Nemelex Xobeh [**....]
Gold:   138        SH:  0    Dex: 17    Spells: 5/5 levels left

rFire    . . .     SeeInvis .   j - +1 dagger (elec)
rCold    . . .     Faith    .   (no shield)
rNeg     . . .     Spirit   .   b - +1 robe
rPois    .         Reflect  .   (no helmet)
rElec    .         Harm     .   (no cloak)
rCorr    .         Rampage  .   (no gloves)
Will     .....                  (no boots)
Stlth    +++.......             (no amulet)
HPRegen  0.16/turn              k - +4 ring of protection
MPRegen  0.10/turn              (no ring)

@: lethally poisoned (-7 -> -29), slowed, very slow
A: no striking features
a: Renounce Religion, Draw Escape, Draw Destruction, Draw Summoning


You were on level 4 of the Dungeon.
You worshipped Nemelex Xobeh.
Nemelex Xobeh was pleased with you.
You visited 1 branch of the dungeon, and saw 4 of its levels.

You collected 138 gold pieces.

Inventory:

Hand Weapons
 a - a +0 spear
 f - a +1 whip of electrocution
 j - a +1 dagger of electrocution (weapon)
Armour
 b - a +1 robe (worn)
Jewellery
 h - a ring of ice
 k - a +4 ring of protection (left hand)
Scrolls
 m - a scroll of fog {unknown}
Potions
 c - a potion of heal wounds
 d - a potion of cancellation {unknown}
 e - 2 potions of lignification {unknown}
 g - a potion of flight {unknown}
 i - a potion of magic {unknown}
 l - 2 potions of might {unknown}


   Skills:
 * Level 4.1 Fighting
 * Level 4.1 Polearms
 * Level 4.0 Dodging
 + Level 3.5 Stealth
 * Level 1.2 Invocations


You had 5 spell levels left.
You didn't know any spells.
Your spell library contained the following spells:

 Spells                   Type           Power      Damage    Failure   Level
 Magic Dart               Conj           0%         1d3       34%         1
 Searing Ray              Conj           0%         3d3       47%         2
 Slow                     Hex            0%         N/A       47%         2
 Confusing Touch          Hex            0%         N/A       71%         3
 Fulminant Prism          Conj/Hex       0%         3d6       98%         4
 Yara's Violent Unravell  Hex/Tmut       0%         3d3       100%        5


Dungeon Overview and Level Annotations

Branches:
Dungeon (3/15)

Altars:
Nemelex Xobeh
Ru
Vehumet

Shops:
D:1 *[(   D:2 :


Message History

a +0 hand axe; a +0 hand axe; a fuming red potion The endoplasm barely misses you.
You hit the endoplasm.
Lightning courses through the endoplasm!
You kill the endoplasm!
You start resting.
A hornet comes into view.
A hornet is nearby!
You draw a card...
You have drawn the Pentagram.
Your hell hound bites the ice devil but does no damage.
The ice devil hits you. The ice devil freezes you!
Your hell hound closely misses the ice devil.
The hornet stings you!
* * * LOW HITPOINT WARNING * * *
You are poisoned.
You feel yourself slow down.
Your hell hound breathes flames at the ice devil.
The blast of flame hits the ice devil but does no damage.
You feel much better.
You feel very sick. The hornet stings you!
You are more poisoned.
You feel as though you will be slow longer.
The hornet stings you.
You feel as though you will be slow longer.
The ice devil hits you but does no damage.
Your hell hound bites the ice devil.
You draw a card...
You have drawn the Illusion.
Suddenly you stand beside yourself.
You feel very sick.
The hornet stings you but does no damage.
Your hell hound bites the ice devil.
The hornet stings you!
* * * LOW HITPOINT WARNING * * *
You are more poisoned.
You feel as though you will be slow longer.
The ice devil hits you.
* * * LOW HITPOINT WARNING * * *
The ice devil freezes you!
You die...
Your body disappears without a glow.

#.# #.# #.#
#.# #.#
####.# #. #.#
#....# #.#
#.####
#.####.####.#
#...........#
#..###.######
#.@# #.#
#.####.@# #.#
#..).)4y# #.#
#.###.h.# #.#
#.....[..#
#..###......
##.# .##.##
.## # # .# ##


You could see an ice devil (summoned, ally target), a hornet, a friendly hell
hound (summoned, catching breath) and the friendly Gabide's illusion (summoned,
very poisoned, slow).

Vanquished Creatures
  2 orc priests (D:4)
  A gnoll shaman (D:4)
  An orc wizard (D:3)
  2 adders (D:4)
  4 gnolls (D:4)
  4 worms
  A dart slug (D:3)
  4 orcs
  6 endoplasms
  A giant cockroach (D:2)
  5 goblins
  5 hobgoblins
  3 quokkas
  3 ball pythons
  A bat (D:1)
  3 frilled lizards
  3 kobolds
  8 rats
57 creatures vanquished.

Notes
Turn   | Place    | Note
-------+----------+-------------------------------------------
     0 | D:1      | Gabide the Human Monk began the quest for the Orb.
     0 | D:1      | Reached XP level 1. HP: 18/18 MP: 1/1
    80 | D:1      | Found Gop Obb's Weapon Emporium.
   115 | D:1      | Found Kairaz's Antique Armour Shop.
   229 | D:1      | Reached XP level 2. HP: 24/24 MP: 2/2
   371 | D:1      | Found a faded altar of an unknown god.
   451 | D:1      | You fall into a shaft and drop 1 floor!
   464 | D:2      | Found Jylanog's Book Emporium.
   495 | D:2      | Found a sacrificial altar of Ru.
   574 | D:2      | Reached XP level 3. HP: 18/29 MP: 3/3
  1573 | D:1      | Found Taip's General Store.
  2247 | D:3      | Found a radiant altar of Vehumet.
  2372 | D:3      | Reached XP level 4. HP: 35/35 MP: 4/4
  3237 | D:3      | You fall into a shaft and drop 1 floor!
  3334 | D:4      | Found a sparkling altar of Nemelex Xobeh.
  3363 | D:4      | Became a worshipper of Nemelex Xobeh the Trickster
  3363 | D:4      | Reached * piety under Nemelex Xobeh
  3363 | D:4      | Received a gift from Nemelex Xobeh
  3363 | D:4      | Reached ** piety under Nemelex Xobeh
  3395 | D:4      | Reached XP level 5. HP: 42/42 MP: 5/5
  3775 | D:4      | Reached skill level 1 in Invocations
  3775 | D:4      | Reached XP level 6. HP: 38/48 MP: 6/6
  3862 | D:4      | Noticed a hornet
  3864 | D:4      | Noticed an ice devil
  3868 | D:4      | Mangled by an ice devil

Illustrated notes

Levels and vault maps discovered:
D:1:      minmay_arrival_jagged, layout_rooms,
          dreamdust_ecumenical_altar_statues, serial_shops,
          nicolae_shop_temple_entry_statues_fountains, shop,
          nicolae_square_shop, minmay_misc_feat_roman, minmay_rat_gold_closets
D:2:      layout_basic, basic_altar, serial_shops, nicolae_shop_stone
D:3:      layout_rooms, overflow_temple_1_default, kiku_gazebo_garden_becter,
          makhleb_altar_promises_db, gammafunk_ghost_grave
D:4:      layout_loops_ring, kennysheep_mini, amethyst_killhole,
          kennysheep_generic_room_9

Skill      XL: |  1  2  3  4  5  6 |
---------------+-------------------+-----
Polearms       | 4 |  4.1
Stealth        | 3 |  3.5
Fighting       | 4 |  4.1
Invocations    | 1 |  1.2
Dodging        | 4 |  4.0

Action                   |  1- 3 |  4- 6 || total
-------------------------+-------+-------++-------
Melee: Spear             |    36 |       ||    36
       Whip              |    45 |       ||    45
       Dagger            |    18 |    88 ||   106
Invok: Draw Destruction  |       |     2 ||     2
       Draw Summoning    |       |     2 ||     2
  Use: Scroll            |     2 |     1 ||     3
       Potion            |       |     1 ||     1
 Stab: Sleeping          |    11 |     2 ||    13
       Distracted        |     1 |       ||     1
Armor: Robe              |    12 |    17 ||    29
Dodge: Dodged            |    46 |    43 ||    89
